 Dungeon Crawl Stone Soup version 0.28-b1-25-g9875b3fc8c (webtiles) character file.

Game seed: 15745258460160303588

4 Fingolfin the Insei (level 1, -1/18 HPs)
             Began as a Djinni Transmuter on Feb 2, 2022.
             Killed from afar by a dart slug (4 damage)
             ... with a slug dart
             ... on level 1 of the Dungeon.
             The game lasted 00:03:27 (184 turns).

Fingolfin the Insei (Djinni Transmuter)              Turns: 184, Time: 00:03:28

Health: -1/18      AC:  2    Str:  9    XL:     1   Next: 77%
Gold:   0          EV: 12    Int: 14    God:
                   SH:  0    Dex: 13

rFire   + + .      SeeInvis .     - Unarmed
rCold   x . .      Faith    .   (no shield)
rNeg    . . .      Spirit   .   a - +0 robe
rPois   ∞          Reflect  .   (no helmet)
rElec   .          Harm     .   (no cloak)
rCorr   .          Rampage  .   (no gloves)
Will    .....                   (boots unavailable)
Stlth   +.........              (no amulet)
HPRegen 0.06/turn               (no ring)
MPRegen 0.00/turn               (no ring)

@: flying
A: sickness immunity, fire resistance 2, cold vulnerability 1, float, innate
caster, HP casting, extra vitality 1
a: no special abilities


You were on level 1 of the Dungeon.
You visited 1 branch of the dungeon, and saw 1 of its levels.

Inventory:

Armour
 a - a +0 robe (worn)


   Skills:
 + Level 1.7 Fighting
 - Level 2.1 Dodging
 - Level 3.0 Unarmed Combat
 - Level 1.5 Spellcasting


You couldn't memorise any spells.
You knew the following spells:

 Your Spells              Type           Power      Damage    Failure   Level
a - Beastly Appendage     Tmut           10%        N/A       13%         1
b - Wereblood             Tmut           5%         N/A       21%         2
c - Spider Form           Tmut/Pois      5%         N/A       36%         3
d - Ice Form              Ice/Tmut       5%         N/A       78%         4
Your spell library was empty.

Dungeon Overview and Level Annotations

Branches:
Dungeon (1/15)

Altars:


Innate Abilities, Weirdness & Mutations

You are immune to sickness and miasma.
You are immune to poison.
Your flesh is very heat resistant. (rF++)
You are vulnerable to cold. (rC-)
You float through the air rather than walking.
You learn spells naturally, not from books.
Your magical power is your life essence.
You have superior vitality. (+4 MHP)


Message History

You hit the kobold but do no damage. You headbutt the kobold.
You kill the kobold!
You closely miss the kobold. The kobold misses you.
You closely miss the kobold. The kobold closely misses you.
Your horns disappear.
The kobold throws a stone.
The stone hits you but does no damage.
A rat comes into view.
The kobold throws a stone.
The stone hits you but does no damage.
A giant cockroach comes into view. x2
The kobold throws a stone.
The stone hits you. The giant cockroach bites you.
* * * LOW HITPOINT WARNING * * *
The endoplasm misses you.
The endoplasm jiggles.
The giant cockroach waves its antennae.
The giant cockroach closely misses you. The giant cockroach barely misses you.
The kobold hits you with a +0 dagger.
* * * LOW HITPOINT WARNING * * *
The giant cockroach waves its antennae.
The giant cockroach closely misses you.
You need no library to learn spells.
Unknown command.
The giant cockroach misses you. The giant cockroach barely misses you.
The hobgoblin shouts!
The giant cockroach bites you.
* * * LOW HITPOINT WARNING * * *
The hobgoblin throws a stone.
The stone barely misses you.
The hobgoblin throws a stone.
The stone hits you.
* * * LOW HITPOINT WARNING * * *
The hobgoblin barely misses you.
The giant cockroach bites you but does no damage.
Things that are here:
a +0 short sword; a kobold corpse; a frilled lizard corpse The kobold throws a stone.
The stone misses you. The giant cockroach barely misses you.
Found a thin smoking staff.
The dart slug launches a dart at you. The slug dart hits you.
You die...

.......#...........w..###
.......#####............#
......................#.#
......................#.#######
..........##...................
...#B#...##[......w..J####.###
#........#....##.#
...........#K#.##g#
..........@B.g...#.# #
...........#gJ...#
#..........##...##
#..........##...#
#..........##....#
.......r.###..#... ..........
#..#..>. .........| #...)....
..#......


You could see a dart slug, an endoplasm, a giant cockroach, 2 hobgoblins, a
kobold and a rat.

Vanquished Creatures
  A ball python (D:1)
  A kobold (D:1)
  A bat (D:1)
  A frilled lizard (D:1)
  A rat (D:1)
5 creatures vanquished.

Notes
Turn   | Place    | Note
-------+----------+-------------------------------------------
     0 | D:1      | Fingolfin the Djinni Transmuter began the quest for the
                  | Orb.
     0 | D:1      | Reached XP level 1. HP: 17/17 MP: 0/0
   184 | D:1      | Killed from afar by a dart slug

Illustrated notes

Levels and vault maps discovered:
D:1:      dpeg_arrival_shelter, layout_rooms,
          hellmonk_ecumenical_altar_arch_garden

Action                   || total
-------------------------++-------
Melee: Unarmed           ||    17
       Headbutt          ||     2
       Punch             ||     1
 Cast: Beastly Appendage ||     2
Armor: Robe              ||    10
Dodge: Dodged            ||    28
